Map: Invader LE

Players

frenki

  • Race: Protoss Protoss
  • League: Gold

capac - Winner!

  • Race: Terran Terran
  • League: Gold

VOD

Have the link to the VOD?

Description

Time

  • Played on: April 16, 2016, 4:30 p.m.
  • Length: 8:03
Show
View Real Time Build Order
Export as new Build Order

frenki Protoss 

Build Orders:  

Get SALT Encoding   

  12  0:03  Probe (Chrono Boost)  
  13  0:13  Probe (Chrono Boost)  
  14  0:21  Pylon  
  14  0:26  Probe (Chrono Boost)  
  15  0:39  Probe (Chrono Boost)  
  16  0:42  Gateway  
  16  0:47  Assimilator  
  17  0:50  Probe (Chrono Boost)  
  17  1:00  Probe (Chrono Boost)  
  17  1:04  Assimilator  
  18  1:11  Probe (Chrono Boost)  
  19  1:23  Probe (Chrono Boost)  
  20  1:31  Cybernetics Core  
  20  1:34  Probe (Chrono Boost)  
  20  1:38  Pylon  
  21  1:44  Probe (Chrono Boost)  
  21  1:46  Pylon  
  22  2:09  Mothership Core (Chrono Boost)  
  22  2:12  Warp Gate (Chrono Boost)  
  24  2:20  Robotics Facility  
  24  2:27  Twilight Council  
  24  2:48  Gateway x2  
  24  3:04  Gateway  
  24  3:08  Warp Prism  
  26  3:18  Resonating Glaives (Chrono Boost)  
  26  3:34  Pylon  
  26  3:40  Pylon  
  26  3:47  Immortal  
  30  4:07  Adept x2  
  34  4:10  Adept  
  34  4:15  Adept  
  38  4:26  Observer  
  38  4:27  Dark Shrine  
  39  4:53  Pylon  
  39  5:01  Pylon  
  33  5:18  Warp Prism (Chrono Boost)  
  31  5:39  Dark Templar  
  31  5:40  Dark Templar x2  
  31  5:41  Dark Templar  
  39  6:12  Adept  
  39  6:13  Adept x2  
  39  6:14  Adept  
  39  6:47  Dark Templar x2  
  39  6:50  Adept x2  
  31  7:24  Adept x3  
  31  7:25  Adept  
Show
View Real Time Build Order
Export as new Build Order

capac Terran - Winner!

Build Orders:  

Get SALT Encoding   

  12  0:01  SCV  
  13  0:13  SCV  
  14  0:18  Supply Depot  
  14  0:25  SCV  
  15  0:40  Barracks, SCV  
  16  0:52  SCV  
  16  0:56  Refinery  
  17  1:09  SCV  
  18  1:21  SCV  
  19  1:34  Marine  
  19  1:36  Orbital Command  
  20  1:46  Command Center  
  20  1:53  Reaper  
  21  2:02  SCV  
  21  2:03  Supply Depot  
  22  2:14  SCV  
  23  2:23  Factory  
  22  2:48  Barracks Reactor  
  22  2:49  Barracks  
  22  2:51  SCV  
  23  2:53  Refinery  
  23  2:56  Engineering Bay  
  23  2:58  Orbital Command  
  23  3:03  SCV  
  24  3:09  Barracks  
  24  3:14  Factory Tech Lab  
  24  3:18  SCV  
  25  3:26  Marine x2  
  27  3:30  SCV  
  28  3:35  Missile Turret  
  28  3:37  Siege Tank  
  31  3:44  SCV  
  31  3:45  SCV  
  33  3:49  Barracks Tech Lab  
  33  3:51  Marine  
  34  3:58  Missile Turret  
  34  4:06  Missile Turret, SCV x2  
  36  4:10  Marine  
  36  4:16  Marine x2  
  39  4:18  Marine  
  39  4:23  Starport  
  40  4:28  Marine, SCV x2  
  43  4:40  Bunker  
  43  4:41  Marine x2  
  43  4:42  Marine  
  43  4:44  Supply Depot  
  46  5:06  SCV x2  
  42  5:16  Marine x2  
  42  5:17  Marine  
  42  5:18  Starport Reactor  
  44  5:23  Missile Turret  
  44  5:24  Stimpack  
  44  5:25  Marine  
  45  5:30  Command Center  
  45  5:31  SCV x2  
  45  5:34  Refinery, Marine  
  45  5:35  Siege Tank  
  51  5:41  Marine  
  53  5:44  Barracks Reactor  
  53  5:48  SCV  
  53  5:49  SCV  
  54  6:02  Supply Depot  
  54  6:15  Supply Depot  
  54  6:19  Supply Depot  
  54  6:23  Marine x2  
  54  6:24  Siege Tank, SCV, Medivac  
  62  6:28  SCV  
  61  6:36  Medivac  
  63  6:41  Missile Turret  
  63  6:45  Missile Turret  
  63  6:53  Marine x3  
  63  6:54  Marine  
  67  6:59  Supply Depot  
  61  7:25  Marine  
  61  7:26  Marine x3  
  61  7:27  Medivac x2  
  61  7:28  Siege Tank  
  72  7:30  Supply Depot  
  72  7:33  Supply Depot  
  72  7:39  Marine  
Tags
 
Add a new tag
Caveats
  • Supply blocks, unpowered buildings, or Contaminate may cause inaccurate times.
  • Supply counts are checked every 10 seconds.